AoeStats
← MarcaTenebrosa

MegaRandom

513748489Analyzed
2v2 RM · 4d ago on Oct 15, 2026· 43m 34s· 4 players
Game mode
Random Map
Map size
Medium (4 player)
Population
200
Speed
Normal
Resources
Standard
Victory
Conquest
Starting age
Dark Age
Ending age
Imperial Age
RankedLock teamsTeams togetherTeam positionsShared explorationLock speedFull tech treeHidden civsTurbo modeCheats
Victory
Defeat
🇧🇷 Turks · Brazil
791
+12
🇦🇷 Celts · Argentina
737
+15
vs
🇨🇦 Hindustanis · Canada
725
-14
🇨🇦 Wei · Canada
692
-13
McCleaveDynasty
2:44 Loom
13:35 Feudal Age
14:34 Horse Collar
14:44 Double-Bit Axe
16:10 Fishing Lines
19:08 Stone Mining
19:09 Gold Mining
23:25 Castle Age
22:20 Forging
22:16 Scale Barding Armor
22:45 Fletching
23:10 Bloodlines
24:32 Husbandry
24:52 Heavy Plow
26:47 Bow Saw
27:39 Wheelbarrow
29:07 Iron Casting
28:55 Scale Mail Armor
28:56 Gillnets
29:30 Town Watch
30:03 Bodkin Arrow
31:30 Chain Barding Armor
33:24 Gold Shaft Mining
33:01 Padded Archer Armor
33:40 Masonry
34:15 Stone Shaft Mining
34:06 Leather Archer Armor
34:09 Murder Holes
35:23 Fortified Wall
35:19 Elite Skirmisher
37:28 Light Cavalry
39:16 Ballistics
40:26 Thumb Ring
41:09 Chain Mail Armor
41:41 Hand Cart
41:21 Guard Tower
45:41 Imperial Age
43:03 Crossbowman
bankia7
0:43 Loom
13:07 Feudal Age
20:30 Castle Age
18:41 Horse Collar
23:00 Wheelbarrow
24:41 Double-Bit Axe
27:33 Heavy Plow
33:03 Imperial Age
32:28 Bow Saw
34:11 Gold Mining
34:51 Hand Cart
36:42 Elite Skirmisher
37:28 Thumb Ring
37:48 Parthian Tactics
39:54 Heavy Hei Guang Cavalry
41:27 Conscription
ycetra
13:15 Feudal Age
17:18 Castle Age
16:41 Double-Bit Axe
16:48 Gold Mining
17:21 Horse Collar
25:05 Imperial Age
24:00 Heavy Plow
26:43 Padded Archer Armor
29:26 Wheelbarrow
34:42 Leather Archer Armor
38:39 Ring Archer Armor
38:10 Scale Mail Armor
41:56 Forging
MarcaTenebrosa
9:42 Loom
11:46 Feudal Age
16:33 Castle Age
14:56 Double-Bit Axe
15:36 Stone Mining
16:02 Horse Collar
18:14 Gold Mining
22:00 Town Watch
22:43 Heavy Plow
24:33 Wheelbarrow
24:50 Fletching
25:59 Stronghold
27:00 Bow Saw
26:56 Pikeman
27:48 Scale Mail Armor
27:44 Bodkin Arrow
28:48 Chain Mail Armor
28:35 Arson
30:15 Hand Cart
30:06 Caravan
30:22 Forging
30:53 Gambesons
31:48 Iron Casting
33:06 Ballistics
35:19 Imperial Age
35:45 Gold Shaft Mining
35:47 Stone Shaft Mining
36:36 Furor Celtica
36:06 Capped Ram
37:13 Elite Woad Raider
38:39 Siege Ram
39:58 Plate Mail Armor
41:21 Halberdier
42:11 Siege Engineers
Connection lost

Rejoining the realm…

Still unreachable

The connection could not be restored.

Session expired

The server has moved on; the page needs a fresh start.